 Dungeon Crawl Stone Soup version 0.31.0-32-g396128a36d (webtiles) character file.

Game seed: 9666566882528272330

86 BreadTh the Sneak (level 4, -3/27 HPs)
             Began as an Octopode Fire Elementalist on Apr 20, 2024.
             Killed from afar by an orc wizard (6 damage)
             ... with a magic dart
             ... on level 3 of the Dungeon.
             The game lasted 00:10:46 (1817 turns).

BreadTh the Sneak (Octopode Fire Elementalist)      Turns: 1817, Time: 00:10:48

Health: -3/27      AC:  5    Str:  7    XL:     4   Next: 49%
Magic:  3/7        EV: 13    Int: 17    God:
Gold:   135        SH:  0    Dex: 14    Spells: 6/7 levels left

rFire   + . .        m - +0 trident
rCold   x . .        (no shield)
rNeg    . . .        (helmet restricted)
rPois   .            (no amulet)
rElec   .            b - ring of fire
rCorr   .            c - +4 ring of protection
SInv    .            (no ring)
Will    .....        (no ring)
Stlth   ++++         (no ring)
HPRegen 0.24/turn    (no ring)
MPRegen 0.10/turn    (no ring)
                     (no ring)

%: no passive effects
@: no status effects
A: almost no armour, amphibious, 8 rings, camouflage 1, gelatinous body 1,
(nimble swimmer 1), tentacles
a: no special abilities


You were on level 3 of the Dungeon.
You visited 1 branch of the dungeon, and saw 3 of its levels.

You collected 135 gold pieces.

Inventory:

Hand Weapons
 e - a +0 spear
 m - a +0 trident (weapon)
Missiles
 h - 18 stones
Armour
 j - an orb of energy
Jewellery
 b - a ring of fire (left tentacle)
 c - a +4 ring of protection (right tentacle)
Scrolls
 d - 2 scrolls of amnesia {unknown}
 i - 4 scrolls of identify {unknown}
 k - a scroll of vulnerability {unknown}
Potions
 a - 2 potions of magic
 f - a potion of enlightenment {unknown}
 g - 3 potions of curing {unknown}
 l - 2 potions of heal wounds {unknown}
 n - a potion of haste {unknown}
 o - 2 potions of degeneration {unknown}


   Skills:
 - Level 2.0 Dodging
 * Level 6.6 Stealth
 - Level 2.0 Spellcasting
 - Level 1.0 Conjurations
 - Level 3.0 Fire Magic


You had 6 spell levels left.
You knew the following spells:

 Your Spells              Type           Power      Damage    Failure   Level
a - Foxfire               Conj/Fire      48%        2x1d6     9%          1

Your spell library contained the following spells:

 Spells                   Type           Power      Damage    Failure   Level
 Scorch                   Fire           34%        2d6       9%          2
 Ensorcelled Hibernation  Hex/Ice        2%         N/A       28%         2
 Inner Flame              Hex/Fire       10%        N/A       30%         3
 Volatile Blastmotes      Fire/Tloc      20%        2d11      30%         3
 Passwall                 Erth           1%         N/A       50%         3
 Swiftness                Air            1%         N/A       50%         3
 Flame Wave               Conj/Fire      12%        2d6       63%         4


Dungeon Overview and Level Annotations

Branches:
Dungeon (3/15)

Altars:

Shops:
D:2 ?

Annotations:
D:3 2 transporters, Xomster's ghost, amateur GrHu


Innate Abilities, Weirdness & Mutations

You cannot wear most types of armour.
You are amphibious.
You can wear up to eight rings at the same time.
Your skin changes colour to match your surroundings (Stealth+).
Your rubbery body absorbs attacks. (AC +1, EV +1)
((You are camouflaged when in or above water. (Stealth+)))
You have tentacles for arms and can constrict up to eight enemies at once.


Message History

You feel a surge of power!
You conjure some foxfire!
Casting: Foxfire (safe; 9% risk of failure)
Confirm with . or Enter, or press ? or * to list all spells.
You feel a surge of power!
You conjure some foxfire!
The foxfire hits something but does no damage.
The foxfire hits something.
Reach: m) +0 trident
Press: ? - help, Dir - move target You reach to attack!
You barely miss something.
The foxfire hits something. x2
You barely miss something. Something hits you. Something barely misses you.
You closely miss something. Something hits you.
Something hits you but does no damage.
You miss something. Your squeeze misses something.
Something hits you but does no damage.
You hear some strange, mumbled words.
A magic dart appears from out of thin air!
The magic dart hits you!
You puncture something! Something hits you but does no damage.
You miss something. Something hits you. x2
You miss something. Something hits you but does no damage.
You hear some strange, mumbled words.
Something tries to affect you, but you resist.
You miss something. Something hits you.
* * * LOW HITPOINT WARNING * * *
Something hits you.
* * * LOW HITPOINT WARNING * * *
Casting: Foxfire (safe; 9% risk of failure)
Confirm with . or Enter, or press ? or * to list all spells.
You feel a surge of power!
You conjure some foxfire!
You hear some strange, mumbled words.
A magic dart appears from out of thin air!
The magic dart hits you.
* * * LOW HITPOINT WARNING * * *
You closely miss something.
The foxfire hits something but does no damage.
The foxfire hits something.
You hear some strange, mumbled words.
A magic dart appears from out of thin air!
The magic dart hits you.
You die...

#.....#########..†#
##...##....sgW##..#
##....#8.#...#.8#..# .####
#.....#o..#.#.sW#..#
......##.....#W.......o#..#
#.......©#g...©....#©..
###........#B........#...
#........§§.#s..#.#...#..#
#.##.##..@..#8o#...#.8#..#
.. ... #..{..##©......##..#
##.### ###....#########...#
. #)...............#
#.#....$. ......# ....#####
.#.#.# ....# ....#


You could see a scorpion, an orc priest, Xomster's ghost, an orc, a giant
cockroach and a goblin.

Vanquished Creatures
  3 adders
  A dart slug (D:1)
  3 orcs (D:3)
  5 bats
  4 endoplasms
  3 giant cockroaches
  5 goblins
  3 hobgoblins
  6 jackals
  5 kobolds
  2 quokkas
  A ball python (D:3)
  4 frilled lizards
  5 rats
50 creatures vanquished.

Vanquished Creatures (others)
  55 foxfires
55 creatures vanquished.

Grand Total: 105 creatures vanquished

Notes
Turn   | Place    | Note
-------+----------+-------------------------------------------
     0 | D:1      | BreadTh the Octopode Fire Elementalist began the quest for
                  | the Orb.
     0 | D:1      | Reached XP level 1. HP: 11/11 MP: 3/3
    28 | D:1      | Reached skill level 3 in Stealth
   123 | D:1      | Reached XP level 2. HP: 17/17 MP: 5/5
   142 | D:1      | Reached skill level 4 in Stealth
   864 | D:2      | Reached XP level 3. HP: 21/21 MP: 6/6
   921 | D:2      | Found Wilyl's Magic Scroll Emporium.
   942 | D:2      | Reached skill level 5 in Stealth
  1501 | D:2      | Reached skill level 6 in Stealth
  1501 | D:2      | Reached XP level 4. HP: 27/27 MP: 2/7
  1654 | D:3      | Found a transporter.
  1656 | D:3      | Noticed Xomster's ghost (amateur GrHu)
  1657 | D:3      | Noticed a scorpion
  1779 | D:3      | Found a transporter.
  1817 | D:3      | Killed from afar by an orc wizard

Illustrated notes

Levels and vault maps discovered:
D:1:      mushboom_english_gardens, layout_basic
D:2:      layout_basic, serial_shops, shop
D:3:      cheibrodos_pilgrimage, layout_loops_cross, gammafunk_ghost_arena

Skill      XL: |  1  2  3 |
---------------+----------+-----
Stealth        | 3 4 6 |  6.6
Dodging        | |  2.0
Spellcasting   | |  2.0
Conjurations   | |  1.0
Fire Magic     | |  3.0

Action                     |  1- 3 |  4- 6 || total
---------------------------+-------+-------++-------
  Melee: Unarmed           |     3 |       ||     3
         Constrict         |    13 |     4 ||    17
         Tentacles         |    11 |     3 ||    14
         Club              |     3 |       ||     3
         Spear             |    36 |     8 ||    44
         Punch             |     1 |       ||     1
         Trident           |       |     9 ||     9
   Cast: Foxfire           |    23 |    16 ||    39
   Stab: Sleeping          |    14 |       ||    14
         Distracted        |     1 |       ||     1
 Armour: Skin              |    12 |    20 ||    32
  Dodge: Dodged            |    13 |    14 ||    27
